 Dungeon Crawl Stone Soup version 0.31-a0-232-gb1c03b2570 (webtiles) character file.

Game seed: 8351440779706799207

1641 qw the Skirmisher (level 8, -1/51 HPs)
             Began as a Gargoyle Hexslinger on July 7, 2023.
             Slain by an orc warrior
             ... wielding a +2 heavy dire flail
              (12 damage)
             ... on level 6 of the Dungeon.
             The game lasted 00:02:21 (5973 turns).

qw the Skirmisher (Gargoyle Hexslinger)             Turns: 5973, Time: 00:02:21

Health: -1/51      AC: 14    Str: 11    XL:     8   Next: 99%
Magic:  9/9        EV: 11    Int: 13    God:
Gold:   258        SH:  5    Dex: 18    Spells: 8/9 levels left

rFire   . . .        Y - +2 sling (flame)
rCold   . . .        (no shield)
rNeg    + . .        d - +0 ring mail
rPois   inf          c - +2 helmet
rElec   +            (no cloak)
rCorr   .            (no gloves)
SInv    .            (no boots)
Will    .....        k - amulet of reflection
Stlth   +            (no ring)
HPRegen 0.28/turn    (no ring)
MPRegen 0.11/turn

%: reflection
@: about to teleport
A: sickness immunity, AC +5, negative energy resistance 1, electricity
resistance, torment resistance 1, petrification resistance, agile 1
a: no special abilities


You were on level 6 of the Dungeon.
You visited 1 branch of the dungeon, and saw 6 of its levels.

You collected 258 gold pieces.


Innate Abilities, Weirdness & Mutations

You are immune to sickness and miasma.
Your stone body is resilient. (AC +5)
You are immune to poison.
You resist negative energy. (rN+)
You are resistant to electric shocks. (rElec)
You are resistant to unholy torment.
You are immune to petrification.
You are agile. (Dex +4, Str/Int -1)


   Skills:
 - Level 6.1 Fighting
 + Level 9.3 Ranged Weapons
 - Level 2.0 Armour
 - Level 2.2 Dodging
 - Level 1.0 Spellcasting
 - Level 2.6 Hexes


You had 8 spell levels left.
You knew the following spells:

 Your Spells              Type           Power      Damage    Failure   Level
a - Slow                  Hex            28%        N/A       22%         1

Your spell library contained the following spells:

 Spells                   Type           Power      Damage    Failure   Level
 Inner Flame              Hex/Fire       4%         N/A       75%         3
 Portal Projectile        Hex/Tloc       8%         N/A       75%         3
 Cause Fear               Hex            3%         N/A       91%         4

Inventory:

Hand Weapons
 Y - a +2 sling of flaming (weapon)
Armour
 c - a +2 helmet (worn)
 d - a +0 ring mail (worn)
Jewellery
 k - an amulet of reflection (around neck)
Scrolls
 a - 3 scrolls of identify
 m - 2 scrolls of teleportation
Potions
 b - a potion of cancellation
 e - a potion of resistance
 g - 3 potions of curing
 h - 3 potions of haste
 i - a potion of mutation

Dungeon Overview and Level Annotations

Branches:
Dungeon (6/15)
 Temple: D:4-7

Altars:
Uskayaw
Zin
The Shining One

Annotations:
D:6 1 runed translucent door, qw's ghost, novice MiHs


Message History

The orc warrior is moderately wounded.
Something hits you. You block the orc warrior's attack.
The orc priest looks satisfied for a moment.
You shoot a sling bullet.
The sling bullet hits the orc warrior but does no damage.
The orc warrior is moderately wounded.
Something hits you. The orc closely misses you.
You shoot a sling bullet.
The sling bullet barely misses the orc warrior.
The sling bullet hits the orc priest!
The sling bullet burns the orc priest.
You kill the orc priest!
You block the orc warrior's attack. The orc hits you but does no damage.
Something hits you but does no damage.
You shoot a sling bullet.
The sling bullet hits the orc warrior but does no damage.
The orc warrior is moderately wounded.
The orc hits you but does no damage.
The orc warrior hits you with a +2 heavy dire flail!
Something hits you.
You shoot a sling bullet.
The sling bullet barely misses the orc warrior.
The orc hits you but does no damage. Something hits you but does no damage.
The orc warrior barely misses you.
You shoot a sling bullet. The sling bullet hits the orc warrior.
The sling bullet burns the orc warrior.
The orc warrior is heavily wounded.
Something hits you but does no damage. The orc hits you but does no damage.
You shoot a sling bullet. The sling bullet hits the orc warrior.
The sling bullet burns the orc warrior.
The orc warrior is almost dead.
You block the orc's attack.
The orc warrior hits you with a +2 heavy dire flail!
You hear some strange, mumbled words.
Something tries to affect you, but you resist.
5973 ||| READING 3 scrolls of teleportation.
As you read the scroll of teleportation, it crumbles to dust.
You feel strangely unstable. You block the orc's attack.
Something hits you but does no damage.
The orc warrior hits you with a +2 heavy dire flail!
You die...

########################
........................
################...#####
#...##.. #...##.########
####...##.#....... .
#..{@..##.#....## .#
#..oo.###.#....<#..##
+...).+...........>..
#.....###)#....###.##
#.....# #.#....+ ..
......# #.#....# #
.......# #.#....#
........# #.#....#
#.#....#


You could see an orc warrior and an orc.

Vanquished Creatures
  Sigmund (D:5)
  Menkaure (D:5)
  A sky beast (D:4)
  A phantom (D:5)
  A kobold brigand (D:6)
  A bullfrog (D:6)
  5 scorpions
  3 howler monkeys
  4 orc priests (D:6)
  A hound (D:4)
  A jelly (D:5)
  A sleepcap (D:6)
  4 iguanas
  An orc wizard (D:6)
  13 adders
  11 gnolls
  2 white imps (D:6)
  A worm (D:3)
  A dart slug (D:4)
  10 orcs
  6 ball pythons
  8 bats
  5 endoplasms
  2 giant cockroaches
  14 goblins
  6 hobgoblins
  8 jackals
  5 quokkas
  7 frilled lizards
  8 kobolds
  A rat (D:1)
134 creatures vanquished.

Notes
Turn   | Place    | Note
-------+----------+-------------------------------------------
     0 | D:1      | qw the Gargoyle Hexslinger began the quest for the Orb.
     0 | D:1      | Reached XP level 1. HP: 12/12 MP: 2/2
     0 | D:1      | 0 ||| qw: Version: 0.3-a-46-gb1f654a
     0 | D:1      | 0 ||| qw: Game counter: 2336
     0 | D:1      | 0 ||| qw: Melee chars always use a shield: true
     0 | D:1      | 0 ||| qw: God list: Okawaru
     0 | D:1      | 0 ||| qw: Allow faded altars: false
     0 | D:1      | 0 ||| qw: Do Orc after clearing Dungeon:15 true
     0 | D:1      | 0 ||| qw: Do second Lair branch before Depths: true
     0 | D:1      | 0 ||| qw: Lair rune preference: random
     0 | D:1      | 0 ||| qw: Goals: Normal
     0 | D:1      | 0 ||| PLANNING D:1-11
   141 | D:1      | Reached XP level 2. HP: 16/16 MP: 3/3
   237 | D:1      | Reached skill level 3 in Ranged Weapons
   487 | D:1      | Reached XP level 3. HP: 21/21 MP: 4/4
   780 | D:1      | Found a faded altar of an unknown god.
   865 | D:1      | 865 ||| UPGRADING to +0 ring mail.
   875 | D:1      | 875 ||| DROPPING +0 robe.
   876 | D:1      | 876 ||| READING scroll labelled GOOSIF VULE.
   877 | D:1      | 877 ||| READING scroll labelled MARGHE DOJYIXZU.
   878 | D:1      | 878 ||| DRINKING 2 silvery potions.
   879 | D:1      | 879 ||| DROPPING scroll of poison.
  1323 | D:2      | Reached XP level 4. HP: 18/26 MP: 5/5
  1488 | D:2      | 1488 ||| UPGRADING to +1 helmet.
  1493 | D:2      | 1493 ||| DROPPING ring of magical power.
  1494 | D:2      | 1494 ||| READING 3 scrolls labelled ZUENLA URRU.
  1495 | D:2      | 1495 ||| READING scroll labelled IMONURHAIT.
  1496 | D:2      | 1496 ||| READING 2 scrolls of identify.
  1496 | D:2      | 1496 ||| IDENTIFYING glowing coppery potion
  1609 | D:3      | Reached skill level 1 in Armour
  1623 | D:3      | Reached skill level 4 in Ranged Weapons
  1656 | D:3      | Found a faded altar of an unknown god.
  1659 | D:3      | Found a glowing silver altar of Zin.
  2096 | D:3      | Reached XP level 5. HP: 30/30 MP: 6/6
  2391 | D:3      | 2391 ||| UPGRADING to amulet of reflection.
  2396 | D:3      | 2396 ||| DRINKING 3 sedimented grey potions.
  2397 | D:3      | 2397 ||| READING 2 scrolls of identify.
  2397 | D:3      | 2397 ||| IDENTIFYING dark potion
  2562 | D:4      | Reached skill level 5 in Ranged Weapons
  2634 | D:4      | Noticed a sky beast
  2663 | D:4      | Killed a sky beast
  2664 | D:4      | Reached skill level 3 in Fighting
  2664 | D:4      | Reached XP level 6. HP: 20/38 MP: 7/7
  2738 | D:4      | 2738 ||| DRINKING 2 glowing black potions.
  2738 | D:4      | Gained mutation: You are agile. (Dex +4, Str/Int -1)
                  | [potion of mutation]
  2746 | D:4      | 2746 ||| STAIRDANCE
  3029 | D:4      | 3029 ||| SWAPPING to +2 sling of flaming.
  3030 | D:4      | 3030 ||| DROPPING +1 sling.
  3202 | D:4      | Found a hide-covered altar of Uskayaw.
  3413 | D:4      | Found a glowing golden altar of the Shining One.
  3611 | D:4      | Reached skill level 6 in Ranged Weapons
  3611 | D:4      | Reached XP level 7. HP: 42/42 MP: 8/8
  3870 | D:4      | 3870 ||| READING 2 scrolls labelled QUNAUTW ODELOR.
  3873 | D:4      | 3873 ||| READING scroll labelled BAQEATAUFAI.
  3874 | D:4      | 3874 ||| DRINKING 3 yellow potions.
  3875 | D:4      | 3875 ||| DROPPING 2 potions of degeneration.
  3883 | D:5      | Entered Level 5 of the Dungeon
  3891 | D:5      | 3891 ||| STAIRDANCE
  4247 | D:5      | Reached skill level 7 in Ranged Weapons
  4333 | D:5      | Noticed Menkaure
  4340 | D:5      | Killed Menkaure
  4538 | D:5      | Noticed Sigmund
  4546 | D:5      | Killed Sigmund
  4547 | D:5      | Reached skill level 8 in Ranged Weapons
  4547 | D:5      | Reached XP level 8. HP: 48/48 MP: 9/9
  4905 | D:5      | 4905 ||| READING scroll of enchant armour.
  4905 | D:5      | 4905 ||| ENCHANTING +1 helmet.
  5072 | D:5      | 5072 ||| DROPPING amulet of magic regeneration.
  5073 | D:5      | 5073 ||| READING 3 scrolls of identify.
  5073 | D:5      | 5073 ||| IDENTIFYING bubbling blue potion
  5074 | D:5      | 5074 ||| DROPPING potion of magic.
  5316 | D:6      | Reached skill level 9 in Ranged Weapons
  5398 | D:6      | Found a runed translucent door.
  5399 | D:6      | Noticed qw's ghost (novice MiHs)
  5804 | D:6      | Reached skill level 6 in Fighting
  5972 | D:6      | HP: 11/51 [orc warrior/+2 heavy dire flail (16)]
  5973 | D:6      | 5973 ||| READING 3 scrolls of teleportation.
  5973 | D:6      | Slain by an orc warrior

Levels and vault maps discovered:
D:1:      evilmike_arrival_hilbert_curve, layout_basic,
          dreamdust_ecumenical_altar_hidden_monk_grotto
D:2:      layout_rooms
D:3:      corexii_shack_village, layout_basic,
          nicolae_overflow_ecumenical_swirl, serial_curves, eino_curves_02,
          eino_curves_03
D:4:      layout_layer_cave, mainiacjoe_overflow_surrounded_room, tso_altar
D:5:      layout_layer_cave, uniq_menkaure, uniq_sigmund
D:6:      layout_basic, gammafunk_ghost_grave

Skill      XL: |  1  2  3  4  5  6  7  8 |
---------------+-------------------------+-----
Ranged Weapons | 3 4 5 6 8 9 |  9.3
Fighting       | 2 3 4 6 |  6.1
Armour         | 1 2 |  2.0
Dodging        | 2 |  2.2
Spellcasting   | |  1.0
Hexes          | |  2.6

Action                     |  1- 3 |  4- 6 |  7- 9 || total
---------------------------+-------+-------+-------++-------
   Fire: Sling             |   124 |   265 |   220 ||   609
    Use: Scroll            |     2 |     4 |     5 ||    11
         Potion            |     1 |     2 |     1 ||     4
 Armour: Robe              |    15 |       |       ||    15
         Ring mail         |    45 |   103 |    71 ||   219
  Dodge: Dodged            |    63 |    99 |    38 ||   200
  Block: Other             |       |    17 |    32 ||    49
         Reflection        |       |       |     1 ||     1

Table legend:
 A = Non-vault XP
 B = Vault XP
 C = Vault XP percentage of total XP
 D = Non-vault monster count
 E = Vault monster count
 F = Vault count percentage of total count
                 A         B        C        D         E       F
            +---------+---------+-------+---------+---------+-------
      Total |    1946 |     399 |  17.0 |     126 |       8 |   6.0
            +---------+---------+-------+---------+---------+-------
        D:1 |      41 |       0 |   0.0 |      25 |       0 |   0.0
        D:2 |      47 |       0 |   0.0 |      14 |       0 |   0.0
        D:3 |      79 |      13 |  14.1 |      20 |       6 |  23.1
        D:4 |     540 |       0 |   0.0 |      29 |       0 |   0.0
        D:5 |     352 |     386 |  52.3 |      15 |       2 |  11.8
        D:6 |     887 |       0 |   0.0 |      23 |       0 |   0.0
            +---------+---------+-------+---------+---------+-------
